 Dungeon Crawl Stone Soup version 0.20-a0-1127-g1289703 (webtiles) character file.

53 Lexie the Firebug (level 3, -3/21 HPs)
             Began as an Octopode Fire Elementalist on May 18, 2017.
             Slain by Crazy Yiuf
             ... wielding a +3 quarterstaff of chaos
              (8 damage)
             ... on level 2 of the Dungeon.
             The game lasted 00:02:12 (1991 turns).

Lexie the Firebug (Octopode Fire Elementalist)      Turns: 1991, Time: 00:02:13

Health: -3/21      AC:  1    Str:  7    XL:     3   Next: 87%
Magic:  0/6        EV: 13    Int: 18    God:
Gold:   48         SH:  0    Dex: 12    Spells: 1/7 levels left

rFire    . . .     SeeInvis .   c - +0 dagger
rCold    . . .     Gourm    .   (no shield)
rNeg     . . .     Faith    .   (helmet restricted)
rPois    .         Spirit   .   (no amulet)
rElec    .         Reflect  .   (no ring)
rCorr    .         Harm     .   (no ring)
MR       .....                  (no ring)
Stlth    +++.......             (no ring)
Regen    0.1/turn               (no ring)
MPRegen  0.1/turn               (no ring)
                                (no ring)
                                (no ring)

@: no status effects
A: almost no armour, stealthy swim, amphibious, 8 rings, constrict 8, camouflage
1, gelatinous body 1
a: no special abilities


You were on level 2 of the Dungeon.
You were not hungry.

You visited 1 branch of the dungeon, and saw 2 of its levels.

You collected 48 gold pieces.

Inventory:

Hand Weapons
 c - a +0 dagger (weapon)
Missiles
 l - 5 curare-tipped needles
Scrolls
 d - a scroll of enchant weapon {unknown}
 e - 3 scrolls of identify {unknown}
 h - 2 scrolls of magic mapping {unknown}
 j - a scroll of remove curse {unknown}
 q - a scroll of random uselessness {unknown}
 r - a scroll of amnesia {unknown}
 s - a scroll of blinking {unknown}
Potions
 g - a potion of might {unknown}
 m - a potion of berserk rage {unknown}
 n - a potion of curing {unknown}
 o - a potion of haste {unknown}
 p - a potion of agility {unknown}
Books
 a - a book of Flames

   Spells                             Type                      Level
   a - Flame Tongue                   Conjuration/Fire             1
   b - Throw Flame                    Conjuration/Fire             2
   c - Conjure Flame                  Conjuration/Fire             3
   d - Inner Flame                    Hexes/Fire                   3
   e - Sticky Flame                   Conjuration/Fire             4
   f - Fireball                       Conjuration/Fire             5
Comestibles
 b - 2 bread rations
 f - 2 meat rations
 i - 8 fruits
 k - a chunk of flesh


   Skills:
 + Level 2.1 Dodging
 + Level 3.2 Stealth
 + Level 2.5 Spellcasting
 + Level 1.3 Conjurations
 + Level 3.9 Fire Magic


You had one spell level left.
You knew the following spells:

 Your Spells              Type           Power        Failure   Level  Hunger
a - Flame Tongue          Conj/Fire      ##...        6%          1    #......
b - Throw Flame           Conj/Fire      ##....       9%          2    ##.....
c - Conjure Flame         Conj/Fire      ##......     19%         3    ###....


Dungeon Overview and Level Annotations

Branches:
Dungeon (2/15)

Altars:

Annotations:
D:2 Crazy Yiuf


Innate Abilities, Weirdness & Mutations

You cannot wear most types of armour.
You are very stealthy in the water. (Stealth+)
You are amphibious.
You can wear up to eight rings at the same time.
You can use your tentacles to constrict eight enemies at once.
Your skin changes colour to match your surroundings (Stealth+).
Your rubbery body absorbs attacks. (AC +1, EV +1)


Message History

Crazy Yiuf is heavily wounded.
You constrict Crazy Yiuf.
Crazy Yiuf hits you with a quarterstaff of chaos!
Ouch! That really hurt!
Crazy Yiuf burns you.
* * * LOW HITPOINT WARNING * * *
Casting: Flame Tongue
Confirm with . or Enter, or press ? or * to list all spells.
Aiming: Flame Tongue
Press: ? - help, Shift-Dir - straight line, f/p - Crazy Yiuf
Aim: Crazy Yiuf, wielding a quarterstaff of chaos and wearing a cloak (heavily wounded, constricted by you)
The flame tongue hits Crazy Yiuf.
Crazy Yiuf appears unharmed.
Crazy Yiuf is heavily wounded.
You constrict Crazy Yiuf, but do no damage.
You hit Crazy Yiuf but do no damage.
Crazy Yiuf is heavily wounded.
You constrict Crazy Yiuf.
Crazy Yiuf yells, "Sif Muna foot mobile!"
Crazy Yiuf hits you with a quarterstaff of chaos!
You die...

#....####..# ##..## #..#
♣....♣ #..######### ♣...♣♣
#..##....... ♣♣.♣♣
#..##....... ♣.♣♣
#..##....... ♣♣.♣
#........... ##### ♣.♣♣
#..##....... #...# ♣♣@♣
#.)##....... #...# #g#
#...#....... #...# ...
###......... ##...# #...#
###......... ##....# #..)#
#........(.. ##.....#
##### ##..########
#..)...# ##..#
#......###########...#
#....................#####


You could see Crazy Yiuf.

Vanquished Creatures
  An adder (D:2)
  A dart slug (D:1)
  2 leopard geckos
  8 bats
  2 giant cockroaches (D:2)
  5 goblins
  5 hobgoblins
  A jackal (D:1)
  2 kobolds (D:1)
  A quokka (D:2)
  2 ball pythons
  2 frilled lizards (D:1)
  8 rats
40 creatures vanquished.

Notes
Turn   | Place    | Note
-------+----------+-------------------------------------------
     0 | D:1      | Lexie the Octopode Fire Elementalist began the quest for the Orb.
     0 | D:1      | Reached XP level 1. HP: 11/11 MP: 3/3
   122 | D:1      | Reached XP level 2. HP: 5/17 MP: 0/5
   764 | D:1      | Reached XP level 3. HP: 20/21 MP: 1/6
  1965 | D:2      | Found a runed door.
  1969 | D:2      | Noticed Crazy Yiuf
  1974 | D:2      | Learned a level 2 spell: Throw Flame
  1978 | D:2      | Learned a level 3 spell: Conjure Flame
  1991 | D:2      | Slain by Crazy Yiuf

Vault maps used:
D:1:      scummos_arrival_simple_crosswalls, minmay_tetromino_t2
D:2:      uniq_crazy_yiuf_cottage

Skill      XL: |  1  2 |
---------------+-------+-----
Stealth        | 3 |  3.2
Dodging        | |  2.1
Spellcasting   | |  2.5
Conjurations   | |  1.3
Fire Magic     | |  3.9

Action                   || total
-------------------------++-------
Melee: Dagger            ||     9
       Constrict         ||     3
       Tentacles         ||     1
 Cast: Flame Tongue      ||    67
       Conjure Flame     ||     1
  Eat: Chunk             ||     4
Armor: Skin              ||     5
Dodge: Dodged            ||    14
